 Dungeon Crawl Stone Soup version 0.19.4-9-g45fd643 (webtiles) character file.

142 protoss039 the Chopper (level 5, 0/69 HPs)
             Began as a Minotaur Berserker on Feb 22, 2017.
             Was a Believer of Trog.
             Succumbed to a gnoll's poison
             ... on level 3 of the Dungeon.
             The game lasted 00:04:27 (1696 turns).

protoss039 the Chopper (Minotaur Berserker)         Turns: 1696, Time: 00:04:28

Health: 0/69       AC:  5    Str: 28    XL:     5   Next: 4%
Magic:  4/4        EV: 11    Int:  4    God:    Trog [**....]
Gold:   122        SH:  0    Dex:  9    Spells: 0 memorised, 4 levels left

rFire  . . .     SeeInvis .     a - +1 hand axe
rCold  . . .     Gourm    .     j - +0 ring mail (curse)
rNeg   . . .     Faith    .     (no shield)
rPois  .         Spirit   .     (helmet restricted)
rElec  .         Reflect  .     (no cloak)
rCorr  +         Harm     .     (no gloves)
MR     ++...                    (no boots)
Stlth  ..........               (no amulet)
                                (no ring)
                                b - ring of resist corrosion

@: berserking, lethally poisoned (0 -> -8), regenerating, very quick
A: retaliatory headbutt, hooves 1, horns 2, mutation resistance 1
a: Berserk, Trog's Hand, Burn Spellbooks, Renounce Religion


You were on level 3 of the Dungeon.
You worshipped Trog.
Trog was pleased with you.
You were near starving.

You visited 1 branch of the dungeon, and saw 3 of its levels.

You collected 122 gold pieces.

Inventory:

Hand Weapons
 a - a +1 hand axe (weapon)
Armour
 j - a cursed +0 ring mail (worn)
 p - a +0 scale mail
Jewellery
 b - a ring of resist corrosion (left hand)
 m - a +3 ring of evasion {unknown}
 r - a +5 ring of strength {unknown}
Scrolls
 f - 2 scrolls of recharging
 i - 2 scrolls of enchant weapon
 k - a scroll of teleportation
Potions
 d - a potion of haste
 e - a potion of ambrosia {unknown}
 l - a potion of curing
 n - a potion of brilliance {unknown}
 q - a potion of heal wounds {unknown}
Comestibles
 c - 3 bread rations
 h - 2 meat rations
 o - 9 chunks of flesh


   Skills:
 + Level 4.2 Fighting
 * Level 6.2 Axes
 + Level 3.1 Armour
 - Level 2.1 Dodging
 - Level 0.1 Stealth


You had 4 spell levels left.
You didn't know any spells.

Dungeon Overview and Level Annotations

Branches:
Dungeon (3/15)

Altars:


Innate Abilities, Weirdness & Mutations

You reflexively headbutt those who attack you in melee.
You have a pair of horns on your head.
You have large cloven feet.
You are somewhat resistant to further mutation.


Message History

You are more poisoned.
Things that are here:
a whip; a club; a gnoll corpse Unknown command.
You slash the gnoll! You kick the gnoll.
The gnoll is severely wounded.
You feel the effects of Trog's Hand fading.
* * * LOW HITPOINT WARNING * * *
You feel sick.
Unknown command.
Unknown command.
Unknown command.
Unknown command.
You are too berserk!
Unknown command.
You slash the gnoll!
You kill the gnoll!
Trog accepts your kill.
You have reached level 5!
You die...

#...####.# .......#.# ##
.......#.# .. .......#.#
.### .........#### ...#
.........#.. .#.#
.........#.####g..#.#
.......#.#.#..).....#
.......#).)...@).####
.......#..##.##.....#
########..##.# #.##.#
#...#.# .# # #######
#.#.#.# .
......####...#.##########
......'......#..........#
......####..>#######..#.#
..............#.......#.#


You could see a gnoll.

Vanquished Creatures
  5 gnolls (D:3)
  5 adders
  An ooze (D:1)
  2 leopard geckos
  An orc (D:3)
  5 giant cockroaches
  5 goblins
  6 hobgoblins
  2 quokkas (D:2)
  5 bats
  3 frilled lizards (D:2)
  5 kobolds
  3 rats
48 creatures vanquished.

Notes
Turn   | Place    | Note
-------+----------+-------------------------------------------
     0 | D:1      | protoss039 the Minotaur Berserker began the quest for the Orb.
     0 | D:1      | Reached XP level 1. HP: 19/19 MP: 0/0
   407 | D:1      | Reached skill level 4 in Axes
   407 | D:1      | Reached XP level 2. HP: 27/27 MP: 1/1
   700 | D:2      | Reached XP level 3. HP: 26/33 MP: 2/2
  1054 | D:2      | Reached skill level 5 in Axes
  1134 | D:2      | Reached ** piety under Trog
  1539 | D:3      | Reached XP level 4. HP: 37/40 MP: 3/3
  1574 | D:3      | Gained mutation: You have large cloven feet. [potion of mutation]
  1574 | D:3      | Gained mutation: You are somewhat resistant to further mutation. [potion of mutation]
  1690 | D:3      | Reached skill level 6 in Axes
  1694 | D:3      | HP: 2/60 [gnoll/spear of venom (4)]
  1696 | D:3      | Reached XP level 5. HP: 1/46 MP: 4/4
  1696 | D:3      | Succumbed to a gnoll's poison

Skill      XL: |  1  2  3  4 |
---------------+-------------+-----
Fighting       | 4 |  4.2
Axes           | 4 5 6 |  6.2
Armour         | 3 |  3.1
Dodging        | |  2.1
Stealth        | |  0.1

Action                   |  1- 3 |  4- 6 || total
-------------------------+-------+-------++-------
Melee: Hand axe          |    88 |    25 ||   113
       Headbutt          |     9 |     3 ||    12
       Kick              |       |     9 ||     9
Invok: Berserk           |       |     1 ||     1
       Trog's Hand       |       |     1 ||     1
  Use: Scroll            |     6 |     3 ||     9
       Potion            |       |     1 ||     1
  Eat: Chunk             |     2 |       ||     2
Armor: Ring mail         |    24 |     4 ||    28
       Animal skin       |     4 |       ||     4
Dodge: Dodged            |    54 |    14 ||    68
